 Dungeon Crawl Stone Soup version 0.22.1-1-ga44c0e56f4 (webtiles) character file.

14046 Ivernyr the Thaumaturge (level 12, -5/87 (88) HPs)
             Began as a Naga Wizard on Oct 27, 2018.
             Was the Champion of Cheibriados.
             Engulfed by a cloud of freezing vapour (65 damage)
             ... in an ice cave on Oct 31, 2018.
             The game lasted 02:15:11 (17438 turns).

Ivernyr the Thaumaturge (Naga Wizard)              Turns: 17438, Time: 02:15:12

HP:   -5/87 (88)    AC:  7    Str: 26    XL:     12   Next: 12%
MP:   16/28         EV: 10    Int: 38    God:    Cheibriados [******]
Gold: 807           SH:  7    Dex: 24    Spells: 21/35 levels left

rFire    . . .     SeeInvis +   f - +2 whip (venom)
rCold    . . .     Gourm    .   y - +0 buckler
rNeg     + . .     Faith    .   a - +0 robe "Paucosoc" {rN+ Stlth+}
rPois    +         Spirit   .   r - +0 helmet
rElec    .         Reflect  .   (no cloak)
rCorr    .         Harm     .   A - +0 pair of gloves
MR       +....                  (no barding)
Stlth    ++++......             z - amulet of regeneration
HPRegen  0.64/turn              o - ring of flight
MPRegen  0.21/turn              (no ring)

@: very slow
A: large, see invisible, deformed body, poison resistance, slowness 2, slow
metabolism 1, spit poison 1, AC +4
a: Spit Poison, Bend Time, Temporal Distortion, Slouch, Step From Time, Renounce
Religion, Evoke Flight


You were in an ice cave.
You worshipped Cheibriados.
Cheibriados was exalted by your worship.
You were very hungry.

You visited 3 branches of the dungeon, and saw 14 of its levels.
You also visited: Ice Cave.

You collected 807 gold pieces.

Inventory:

Hand Weapons
 f - a +2 whip of venom (weapon)
Armour
 a - the +0 robe "Paucosoc" (worn) {rN+ Stlth+}
   (You found it on level 4 of the Dungeon)

   It protects you from negative energy.
   It makes you more stealthy.
 r - a +0 helmet (worn)
 y - a +0 buckler (worn)
 A - a +0 pair of gloves (worn)
Jewellery
 o - a ring of flight (left hand)
 z - an amulet of regeneration (around neck)
Wands
 l - a wand of digging (12)
 C - a wand of iceblast (10)
 D - a wand of disintegration (8)
 E - a wand of acid (19)
 F - a wand of flame (51)
 J - a wand of enslavement (15)
Scrolls
 c - 3 scrolls of identify
 g - a scroll of magic mapping
 h - 4 scrolls of fog
 k - 4 scrolls of enchant weapon
 m - 8 scrolls of teleportation
 n - 4 scrolls of immolation
 t - 2 scrolls of vulnerability
 u - 4 scrolls of amnesia
 v - a scroll of fear
 x - 3 scrolls of blinking
 K - 6 scrolls of enchant armour
 L - 2 scrolls of remove curse
 M - 2 scrolls of brand weapon
 O - a scroll of silence {unknown}
 Q - a scroll of acquirement {unknown}
 R - a scroll of holy word {unknown}
Potions
 b - 2 potions of cancellation {unknown}
 e - 3 potions of agility {unknown}
 i - 10 potions of curing
 j - 2 potions of magic {unknown}
 p - 5 potions of degeneration {unknown}
 q - 2 potions of flight {unknown}
 s - 2 potions of might {unknown}
 w - a potion of mutation {unknown}
 B - a potion of brilliance {unknown}
 G - a potion of haste {unknown}
 H - a potion of berserk rage {unknown}
 I - a potion of heal wounds {unknown}
 N - a potion of resistance {unknown}
 P - 2 potions of lignification {unknown}
Comestibles
 d - 26 rations


   Skills:
 - Level 1.5 Dodging
 - Level 3.0 Stealth
 - Level 5.1 Shields
 * Level 12.0 Spellcasting
 + Level 10.6 Conjurations
   Level 1.0 Summonings
 - Level 1.0 Translocations
 + Level 7.9 Invocations


You had 21 spell levels left.
You knew the following spells:

 Your Spells              Type           Power        Failure   Level  Hunger
a - Magic Dart            Conj           ####         1%          1    None
b - Blink                 Tloc           N/A          1%          2    None
c - Conjure Flame         Conj/Fire      ######..     1%          3    None
d - Mephitic Cloud        Conj/Pois/Air  ######..     1%          3    None
e - Stone Arrow           Conj/Erth      ######       1%          3    None
f - Passwall              Tmut/Erth      ###.....     2%          2    None

Your spell library contained the following spells:

 Spells                   Type           Power        Failure   Level  Hunger
 Sandblast                Erth           ###...       1%          1    None
 Call Imp                 Summ           ####....     1%          2    None
 Slow                     Hex            ###.....     2%          2    None
 Petrify                  Tmut/Erth      ###.....     16%         4    None
 Lee's Rapid Deconstruct  Erth           ###.......   41%         5    None


Dungeon Overview and Level Annotations

Branches:
Dungeon (10/15)            Temple (1/1) D:6            Lair (3/6) D:10
 Shoals (0/4) Lair:2        Snake (0/4) Lair:2          Orc (0/2) D:9

Altars:
Ashenzari
Cheibriados
Dithmenos
Elyvilon
Fedhas
Gozag
Hepliaklqana
Kikubaaqudgha
Makhleb
Nemelex Xobeh
Okawaru
Qazlal
Ru
Sif Muna
Trog
Uskayaw
Vehumet
Wu Jian
Xom
Yredelemnul
Zin
The Shining One

Annotations:
Lair:2 exclusion: oklob plant IceCv exclusion: ice statue


Innate Abilities, Weirdness & Mutations

You cannot wear boots.
Your serpentine skin is tough. (AC +4)
You have supernaturally acute eyesight. (SInv)
Armour fits poorly on your strangely shaped body.
Your system is resistant to poisons. (rPois)
You cover ground very slowly.
You have a slow metabolism.
You can spit poison.


Message History

Confirm with . or Enter, or press ? or * to list all spells.
Aiming: Stone Arrow (safe; 1% risk of failure)
Press: ? - help, Shift-Dir - straight line, f/p - ice statue
Aim: an ice statue (severely damaged)
The stone arrow hits the ice statue.
The ice statue is almost destroyed.
The ice statue gestures at you. The freezing blast misses you.
Casting: Stone Arrow (safe; 1% risk of failure)
Confirm with . or Enter, or press ? or * to list all spells.
Aiming: Stone Arrow (safe; 1% risk of failure)
Press: ? - help, Shift-Dir - straight line, f/p - ice statue
Aim: an ice statue (freezing vapour, almost destroyed)
The stone arrow hits the ice statue.
You destroy the ice statue!
Cheibriados appreciates the change of pace.
You are engulfed in freezing vapours.
You are engulfed in freezing vapours.
Ouch! That really hurt!
You die...

#...∩...#
##.....##
##...## #...##
##...# ##...#
#...## ##...####
8#....@#§##
#...Y...§§§.#
#........§§§..#
#.........§.§.#
...............#
...............#
.......⌠.......#
...............#
....4.......#


You could see an ice beast.

Vanquished Creatures
  Sonja (Lair:1)
  A merfolk siren (Lair:2)
  An ice statue (IceCv)
  A black mamba (Lair:2)
  2 spiny frogs
  2 komodo dragons
  2 ice devils (IceCv)
  A polar bear (Lair:1)
  5 blink frogs
  2 hippogriffs (Lair:1)
  13 yaks
  A human (D:8)
  3 hogs (D:8)
  3 nagas (Lair:2)
  8 water moccasins
  2 porcupines
  2 black bears (D:10)
  A necrophage (D:6)
  8 orc warriors
  An eye of draining (D:8)
  An ice beast (D:6)
  2 sky beasts
  8 ogres
  5 wolves (Lair:1)
  10 crocodiles
  2 big kobolds
  9 bullfrogs
  2 scorpions
  2 killer bees (D:10)
  5 howler monkeys
  A crimson imp (D:10)
  A bullfrog zombie (D:8)
  A jelly (D:5)
  10 orc wizards
  4 bullfrog skeletons
  3 hounds
  4 centaur skeletons
  6 orc priests
  2 iguanas
  Natasha (thrice) (D:2)
  6 worker ants
  A hound zombie (D:6)
  A hound skeleton (D:8)
  A worker ant zombie (D:10)
  4 gnolls (D:6)
  12 adders
  An ooze (D:2)
  2 adder zombies
  An adder skeleton (D:8)
  3 dart slugs
  4 leopard geckos
  58 orcs
  19 giant cockroaches
  7 goblins
  4 hobgoblins
  11 jackals
  6 quokkas
  A ball python (D:2)
  12 bats
  A frilled lizard (D:5)
  A jackal skeleton (D:4)
  12 kobolds
  5 rats
  A fungus (Lair:3)
315 creatures vanquished.

Vanquished Creatures (collateral kills)
  A killer bee (D:10)
  A worker ant (D:8)
2 creatures vanquished.

Vanquished Creatures (others)
  A fungus (Lair:1)
  3 plants
4 creatures vanquished.

Grand Total: 321 creatures vanquished

Notes
Turn   | Place    | Note
-------+----------+-------------------------------------------
     0 | D:1      | Ivernyr the Naga Wizard began the quest for the Orb.
     0 | D:1      | Reached XP level 1. HP: 15/15 MP: 4/4
   366 | D:1      | Reached XP level 2. HP: 22/22 MP: 1/6
   417 | D:1      | Learned a level 2 spell: Blink
  1540 | D:2      | Reached XP level 3. HP: 28/28 MP: 3/7
  1578 | D:2      | Learned a level 3 spell: Conjure Flame
  1582 | D:2      | Learned a level 3 spell: Mephitic Cloud
  1987 | D:2      | Noticed Natasha
  1991 | D:2      | Killed Natasha
  1991 | D:2      | Reached skill level 4 in Spellcasting
  1991 | D:2      | Reached XP level 4. HP: 36/36 MP: 5/10
  2084 | D:2      | Noticed Natasha
  2094 | D:2      | Killed Natasha
  2136 | D:2      | Noticed Natasha
  2139 | D:2      | Killed Natasha
  2139 | D:2      | Reached XP level 5. HP: 32/42 MP: 4/11
  2809 | D:2      | Found a deep blue altar of Sif Muna.
  2809 | D:2      | Found a shadowy altar of Dithmenos.
  2810 | D:2      | Found a bloodstained altar of Trog.
  3255 | D:3      | Reached XP level 6. HP: 35/49 MP: 3/13
  4160 | D:3      | Reached skill level 5 in Spellcasting
  4954 | D:4      | Got a creamy pearl robe
  4960 | D:4      | Identified the cursed +0 robe "Paucosoc" {rN+ Stlth+} (You
                  | found it on level 4 of the Dungeon)
  5014 | D:4      | Found a glowing silver altar of Zin.
  5861 | D:5      | Entered Level 5 of the Dungeon
  6006 | D:5      | Reached skill level 5 in Conjurations
  6006 | D:5      | Reached XP level 7. HP: 51/55 MP: 7/15
  7094 | D:6      | Reached skill level 6 in Spellcasting
  7234 | D:6      | Reached XP level 8. HP: 59/62 MP: 0/17
  7518 | D:6      | Reached skill level 1 in Shields
  7533 | D:6      | Found a staircase to the Ecumenical Temple.
  7538 | Temple   | Entered the Ecumenical Temple
  7770 | Temple   | Became a worshipper of Cheibriados the Contemplative
  8080 | D:6      | Reached skill level 7 in Spellcasting
  8750 | D:7      | Reached * piety under Cheibriados
  8890 | D:7      | Reached XP level 9. HP: 55/67 MP: 12/19
  9412 | D:8      | Reached ** piety under Cheibriados
  9867 | D:8      | Learned a level 3 spell: Stone Arrow
  9870 | D:8      | Learned a level 2 spell: Passwall
 10136 | D:8      | Reached skill level 5 in Shields
 10144 | D:8      | Reached skill level 8 in Spellcasting
 10153 | D:8      | Reached skill level 1 in Invocations
 10279 | D:9      | Reached XP level 10. HP: 68/74 MP: 14/22
 10376 | D:9      | Reached *** piety under Cheibriados
 10553 | D:9      | Found a staircase to the Orcish Mines.
 10564 | D:9      | Reached **** piety under Cheibriados
 10564 | D:9      | Reached skill level 9 in Spellcasting
 10918 | D:9      | Found a shadowy altar of Dithmenos.
 11443 | D:10     | Entered Level 10 of the Dungeon
 11495 | D:10     | Got a coiled silver ring
 11496 | D:10     | Identified the cursed ring "Jewimm" {rC+ EV-6} (You found
                  | it on level 10 of the Dungeon)
 11976 | D:10     | Found a staircase to the Lair.
 12849 | D:10     | Reached ***** piety under Cheibriados
 13386 | Lair:1   | Entered Level 1 of the Lair of Beasts
 13415 | Lair:1   | Reached skill level 10 in Spellcasting
 13483 | Lair:1   | Reached skill level 5 in Invocations
 13745 | Lair:1   | Noticed Sonja
 13751 | Lair:1   | Killed Sonja
 13751 | Lair:1   | Reached XP level 11. HP: 80/80 MP: 13/25
 14781 | Lair:1   | Reached skill level 11 in Spellcasting
 14983 | Lair:1   | Reached skill level 10 in Conjurations
 15480 | Lair:2   | Found a staircase to the Snake Pit.
 15750 | Lair:2   | Noticed an oklob plant
 16268 | Lair:2   | Found a staircase to the Shoals.
 17002 | Lair:3   | Reached ****** piety under Cheibriados
 17002 | Lair:3   | Reached XP level 12. HP: 83/87 MP: 9/27
 17171 | Lair:3   | Found a frozen archway.
 17225 | IceCv    | Entered an ice cave
 17308 | IceCv    | Reached skill level 12 in Spellcasting
 17438 | IceCv    | Engulfed by a cloud of freezing vapour

Skill      XL: |  1  2  3  4  5  6  7  8  9 10 11 12 |
---------------+-------------------------------------+-----
Conjurations   | 2 3 4 5 6 7 8 9 10 | 10.6
Spellcasting   | 4 5 6 7 8 10 11 12 | 12.0
Shields        | 3 5 |  5.1
Invocations    | 2 5 7 |  7.9
Dodging        | |  1.5
Stealth        | |  3.0
Summonings     | |  1.0
Translocations | |  1.0

Action                   |  1- 3 |  4- 6 |  7- 9 | 10-12 || total
-------------------------+-------+-------+-------+-------++-------
Melee: Unarmed           |    29 |       |       |       ||    29
       Whip              |    22 |    62 |   130 |   164 ||   378
 Cast: Magic Dart        |    79 |   148 |   181 |   204 ||   612
       Mephitic Cloud    |       |     4 |    21 |    18 ||    43
       Conjure Flame     |       |       |     4 |    10 ||    14
       Stone Arrow       |       |       |       |   117 ||   117
       Blink             |       |       |       |     5 ||     5
 Abil: Spit Poison       |     9 |    13 |    33 |    31 ||    86
  Use: Scroll            |       |     7 |     6 |     6 ||    19
 Stab: Confused          |       |     1 |     9 |     6 ||    16
  Eat: Chunk             |     2 |     7 |    13 |    14 ||    36
       Ration            |       |     1 |       |       ||     1
Armor: Robe              |    17 |    16 |    33 |    36 ||   102
Dodge: Dodged            |    59 |    52 |    82 |   102 ||   295
Block: Buckler           |       |       |    26 |    51 ||    77
